 Dungeon Crawl Stone Soup version 0.31-a0-165-g3f4f80340b (webtiles) character file.

Game seed: 12718412272754268458

11 qw the Shooter (level 2, -2/26 HPs)
             Began as a Naga Hunter on June 13, 2023.
             Slain by a kobold
             ... wielding a +0 dagger
              (3 damage)
             ... on level 1 of the Dungeon.
             The game lasted 00:00:10 (241 turns).

qw the Shooter (Naga Hunter)                         Turns: 241, Time: 00:00:10

Health: -2/26      AC:  2    Str: 13    XL:     2   Next: 25%
Magic:  2/2        EV:  9    Int:  9    God:
Gold:   41         SH:  0    Dex: 14    Spells: 1/1 levels left

rFire   . . .        a - +0 shortbow
rCold   . . .        (shield currently unavailable)
rNeg    . . .        c - +0 leather armour
rPois   +            (no helmet)
rElec   .            (no cloak)
rCorr   .            (no gloves)
SInv    +            (no barding)
Will    .....        (no amulet)
Stlth   ++           (no ring)
HPRegen 0.24/turn    (no ring)
MPRegen 0.08/turn

%: no passive effects
@: short of breath, very slow
A: AC +0, large, see invisible, deformed body, poison resistance, slowness 2,
spit poison 1, naga tail 1
a: Spit Poison


You were on level 1 of the Dungeon.
You visited 1 branch of the dungeon, and saw 1 of its levels.

You collected 41 gold pieces.


Innate Abilities, Weirdness & Mutations

Your serpentine skin is tough. (AC +0)
You have supernaturally acute eyesight. (SInv)
Armour fits poorly on your strangely shaped body.
Your system is resistant to poisons. (rPois)
You cover ground very slowly.
You can spit poison.
You have a snake-like lower body.


   Skills:
 - Level 2.0 Fighting
 + Level 4.1 Ranged Weapons
 - Level 1.5 Dodging
 - Level 1.5 Stealth


You had one spell level left.
You didn't know any spells.
Your spell library was empty.

Inventory:

Hand Weapons
 a - a +0 shortbow (weapon)
Armour
 c - a +0 leather armour (worn)
Scrolls
 b - a scroll of butterflies
 d - a scroll of identify {unknown}
Potions
 e - a potion of degeneration {unknown}

Dungeon Overview and Level Annotations

Branches:
Dungeon (1/15)

Altars:


Message History

You shoot an arrow. The arrow hits the kobold.
The kobold is moderately wounded.
You have got your breath back.
The kobold hits you with a +0 dagger.
231 ||| INVOKING Spit Poison.
Aiming: Spit Poison (2% risk of failure)
Press: ? - help, Shift-Dir - straight line, f/p - kobold The splash of poison misses the kobold.
The kobold hits you with a +0 dagger.
You shoot an arrow.
The arrow hits the kobold but does no damage.
The kobold is moderately wounded.
The kobold hits you but does no damage.
You shoot an arrow.
The arrow hits the kobold but does no damage.
The kobold is moderately wounded.
The kobold hits you with a +0 dagger.
You shoot an arrow.
The arrow hits the kobold but does no damage.
The kobold is moderately wounded.
The kobold hits you but does no damage.
You shoot an arrow. The arrow barely misses the kobold.
The kobold hits you with a +0 dagger. x2
You shoot an arrow. The arrow closely misses the kobold.
You have got your breath back.
The kobold hits you with a +0 dagger.
237 ||| INVOKING Spit Poison.
Aiming: Spit Poison (2% risk of failure)
Press: ? - help, Shift-Dir - straight line, f/p - kobold The splash of poison misses the kobold.
The kobold hits you with a +0 dagger.
You shoot an arrow. The arrow misses the kobold.
The kobold hits you with a +0 dagger.
You shoot an arrow. The arrow closely misses the kobold.
The kobold hits you with a +0 dagger.
You shoot an arrow. The arrow barely misses the kobold.
The kobold hits you but does no damage.
You shoot an arrow. The arrow barely misses the kobold.
The kobold hits you with a +0 dagger.
You die...

## # $ ...#.# .#.#. # ).
. #.###. .# #..K##.# .##
## #@...# ..# .. ##.###
..# ##.#.#### # ..#######
#.......######.#
........#
.#.####..........
......#.# ....###......##
........# #...#%........#
..%.....##.#...#.#......#
..####..## #)....%...%.#


You could see a kobold.

Vanquished Creatures
  2 bats (D:1)
  An endoplasm (D:1)
  A hobgoblin (D:1)
  A quokka (D:1)
  A ball python (D:1)
  A frilled lizard (D:1)
  2 kobolds (D:1)
  3 rats (D:1)
12 creatures vanquished.

Notes
Turn   | Place    | Note
-------+----------+-------------------------------------------
     0 | D:1      | qw the Naga Hunter began the quest for the Orb.
     0 | D:1      | Reached XP level 1. HP: 19/19 MP: 1/1
     0 | D:1      | 0 ||| qw: Version: 0.2-a-29-gc1b59c4
     0 | D:1      | 0 ||| qw: Game counter: 4805
     0 | D:1      | 0 ||| qw: Always use a shield: true
     0 | D:1      | 0 ||| qw: God list: Okawaru
     0 | D:1      | 0 ||| qw: Allow faded altars: false
     0 | D:1      | 0 ||| qw: Do Orc after D:15 true
     0 | D:1      | 0 ||| qw: Do second Lair branch before Depths: true
     0 | D:1      | 0 ||| qw: Lair rune preference: random
     0 | D:1      | 0 ||| qw: Plans: Normal
     0 | D:1      | 0 ||| PLANNING D:1-11
     9 | D:1      | 9 ||| INVOKING Spit Poison.
    33 | D:1      | 33 ||| INVOKING Spit Poison.
    88 | D:1      | 88 ||| INVOKING Spit Poison.
    92 | D:1      | 92 ||| INVOKING Spit Poison.
    97 | D:1      | 97 ||| INVOKING Spit Poison.
   123 | D:1      | 123 ||| INVOKING Spit Poison.
   138 | D:1      | 138 ||| INVOKING Spit Poison.
   146 | D:1      | Reached skill level 4 in Ranged Weapons
   146 | D:1      | Reached XP level 2. HP: 16/26 MP: 2/2
   192 | D:1      | 192 ||| INVOKING Spit Poison.
   219 | D:1      | 219 ||| INVOKING Spit Poison.
   225 | D:1      | 225 ||| INVOKING Spit Poison.
   231 | D:1      | 231 ||| INVOKING Spit Poison.
   237 | D:1      | 237 ||| INVOKING Spit Poison.
   237 | D:1      | HP: 5/26 [kobold/+0 dagger (2)]
   239 | D:1      | HP: 1/26 [kobold/+0 dagger (4)]
   241 | D:1      | Slain by a kobold

Levels and vault maps discovered:
D:1:      minmay_arrival_stair_chambers, layout_loops_cross, serial_shops, shop,
          chequers_serial_rivers_micro_e, minmay_close_crescents

Skill      XL: |  1 |
---------------+----+-----
Ranged Weapons | 4 |  4.1
Fighting       | |  2.0
Dodging        | |  1.5
Stealth        | |  1.5

Action                     || total
---------------------------++-------
   Fire: Shortbow          ||    45
Ability: Spit Poison       ||    12
 Armour: Leather armour    ||     9
  Dodge: Dodged            ||    12

Table legend:
 A = Non-vault XP
 B = Vault XP
 C = Vault XP percentage of total XP
 D = Non-vault monster count
 E = Vault monster count
 F = Vault count percentage of total count
                 A         B        C        D         E       F
            +---------+---------+-------+---------+---------+-------
      Total |      16 |       0 |   0.0 |      12 |       0 |   0.0
            +---------+---------+-------+---------+---------+-------
        D:1 |      16 |       0 |   0.0 |      12 |       0 |   0.0
            +---------+---------+-------+---------+---------+-------
